 Dungeon Crawl Stone Soup version 0.31-a0-1237-gabc64e778c (webtiles) character file.

Game seed: 14830411519627572293

1392 hikkokomori the Digger (level 8, -2/49 HPs)
             Began as a Gargoyle Earth Elementalist on Dec 15, 2023.
             Slain by a killer bee (7 damage)
             ... on level 8 of the Dungeon.
             The game lasted 00:11:30 (4421 turns).

hikkokomori the Digger (GrEE)                       Turns: 4421, Time: 00:11:30

Health: -2/49      AC: 13    Str: 11    XL:     8   Next: 68%
Magic:  13/14      EV: 12    Int: 19    God:
Gold:   212        SH:  0    Dex: 10    Spells: 9/15 levels left

rFire   . . .        c - +3 whip
rCold   + . .        (no shield)
rNeg    + . .        a - +0 robe
rPois   ∞            (no helmet)
rElec   +            j - +2 cloak
rCorr   .            p - +1 pair of gloves
SInv    .            l - +0 pair of boots
Will    .....        (no amulet)
Stlth   +++          f - ring of protection from cold
HPRegen 0.28/turn    (no ring)
MPRegen 0.14/turn

%: no passive effects
@: marked
A: sickness immunity, AC +5, negative energy resistance 1, electricity
resistance, torment resistance 1, petrification resistance
a: no special abilities


You were on level 8 of the Dungeon.
You visited 2 branches of the dungeon, and saw 10 of its levels.

You collected 212 gold pieces.

Inventory:

Hand Weapons
 c - a +3 whip (weapon)
 m - a +1 dagger of venom
 t - a +3 flail
Missiles
 y - 6 silver javelins
Armour
 a - a +0 robe (worn)
 j - a +2 cloak (worn)
 l - a +0 pair of boots (worn)
 p - a +1 pair of gloves (worn)
Jewellery
 f - a ring of protection from cold (left hand)
Wands
 o - a wand of flame (29)
Scrolls
 d - a scroll of identify {unknown}
 g - a scroll of vulnerability {unknown}
 h - a scroll of enchant weapon {unknown}
 q - a scroll of noise
 r - a scroll of poison {unknown}
 s - a scroll of enchant armour
 v - a scroll of immolation {unknown}
 w - a scroll of teleportation {unknown}
Potions
 b - a potion of magic
 e - a potion of enlightenment
 i - a potion of degeneration
 k - a potion of heal wounds {unknown}
 n - a potion of might {unknown}
 u - a potion of lignification {unknown}
 z - 2 potions of curing {unknown}


   Skills:
 + Level 5.0 Fighting
 + Level 2.4 Throwing
 - Level 1.7 Dodging
 - Level 5.0 Stealth
 - Level 4.0 Spellcasting
 + Level 4.6 Conjurations
 - Level 1.0 Transmutations
 + Level 6.8 Earth Magic


You had 9 spell levels left.
You knew the following spells:

 Your Spells              Type           Power      Damage    Failure   Level
a - Sandblast             Erth           60%        2d14      1%          1
b - Stone Arrow           Conj/Erth      50%        3d10      3%          3
c - Passwall              Tmut/Erth      15%        N/A       4%          2

Your spell library contained the following spells:

 Spells                   Type           Power      Damage    Failure   Level
 Static Discharge         Conj/Air       24%        3-4/arc   8%          2
 Brom's Barrelling Bould  Conj/Erth      25%        2d5       13%         4
 Freeze                   Ice            12%        1d3       14%         1
 Hailstorm                Conj/Ice       12%        3d6       16%         3
 Petrify                  Tmut/Erth      18%        N/A       26%         4
 Ignite Poison            Fire/Tmut/Pois 5%         N/A       34%         3
 Frozen Ramparts          Ice            6%         1d1       38%         3
 Sticky Flame             Conj/Fire      12%        2d4       45%         4
 Airstrike                Air            1%         2d(1-17)  80%         4
 Summon Lightning Spire   Summ/Air       3%         N/A       80%         4
 Ignition                 Fire           1%         3d3       100%        8


Dungeon Overview and Level Annotations

Branches:
Dungeon (10/15)              Lair (1/5) D:10
 Temple: D:4-7          Orc: D:9-12

Altars:

Shops:
D:1 (*?

Annotations:
D:3 3 runed translucent doors, Phlounder's ghost, amateur OpSh
D:7 Jeremiah; Maurice


Innate Abilities, Weirdness & Mutations

You are immune to sickness and miasma.
Your stone body is resilient. (AC +5)
You are immune to poison.
You resist negative energy. (rN+)
You are resistant to electric shocks. (rElec)
You are resistant to unholy torment.
You are immune to petrification.


Message History

Unknown command.
A killer bee comes into view.
Okay, then.
A killer bee comes into view. x2
There is a stone staircase leading up here.
The killer bee closely misses you.
You climb upwards.
Level annotation: Jeremiah The orc shouts!
You hear a shout! x3; You hear an angry hiss.
Maurice shouts!
A water moccasin comes into view.
A shadow imp comes into view.
An orc warrior comes into view. It is wielding a +0 hand axe.
The water moccasin moves out of view.
You hear an angry hiss.
Found an embroidered cloak and a pair of runed boots.
There is a stone staircase leading down here.
Unknown command.
As you read the scroll labelled COCLOE UCSOW, it crumbles to dust.
You hear a loud clanging noise!
It was a scroll of noise.
You hear a shout! x8; You hear a howl!
The orc throws a boomerang.
The boomerang misses you. The shadow imp gestures at you.
Pain shoots through your body!
* * * LOW HITPOINT WARNING * * *
Unknown command.
As you read the scroll labelled RIEHO IDAEW, it crumbles to dust.
It is a scroll of enchant armour.
Your +0 pair of gloves glows green for a moment.
Unknown command.
Unknown command.
The shadow imp gestures at you. Pain shoots through your body!
* * * LOW HITPOINT WARNING * * *
You climb downwards.
The killer bee closely misses you. x2
The killer bee barely misses you. The killer bee stings you.
* * * LOW HITPOINT WARNING * * *
A killer bee comes into view.
The killer bee completely misses you. The killer bee closely misses you.
The killer bee stings you!
You die...

##.#.........<.......#
#.#.........###.....#
#.#.######### #.y...#
#.#.# ##y#### ....#
##y# ..... ###..#
..... # #....# ......
....#....## #....@y.#
###.y.y.# #....##
#....# #....# #....#
#....# #....#


You could see a hornet and 5 killer bees.

Vanquished Creatures
  2 steam dragons
  Menkaure (D:4)
  2 ice beasts (D:8)
  A black bear (D:4)
  2 centaurs
  An ogre (D:3)
  A phantom (D:5)
  A howler monkey (D:5)
  An orc priest (D:3)
  A jelly (D:4)
  2 hounds
  An orc wizard (D:3)
  8 gnolls
  7 adders
  2 worms (D:3)
  2 dart slugs (D:1)
  3 orcs (D:3)
  7 bats
  6 endoplasms
  4 giant cockroaches
  9 goblins
  5 hobgoblins
  8 jackals
  12 kobolds
  2 quokkas (D:1)
  6 ball pythons
  2 frilled lizards (D:1)
  7 rats
106 creatures vanquished.

Notes
Turn   | Place    | Note
-------+----------+-------------------------------------------
     0 | D:1      | hikkokomori the Gargoyle Earth Elementalist began the quest
                  | for the Orb.
     0 | D:1      | Reached XP level 1. HP: 10/10 MP: 3/3
    66 | D:1      | Reached skill level 1 in Transmutations
    66 | D:1      | Reached XP level 2. HP: 9/15 MP: 0/5
   173 | D:1      | Found Xeulacvi's Magic Scroll Shoppe.
   300 | D:1      | Found Ostigej's Assorted Antiques.
   381 | D:1      | Reached skill level 4 in Earth Magic
   446 | D:1      | Reached XP level 3. HP: 20/20 MP: 4/6
   466 | D:1      | Reached skill level 1 in Fighting
   471 | D:1      | Learned a level 3 spell: Stone Arrow
   474 | D:1      | Learned a level 2 spell: Passwall
   771 | D:1      | Found Samyup's Antique Weapon Shop.
  1118 | D:2      | Reached XP level 4. HP: 25/25 MP: 3/7
  1830 | D:3      | Noticed an ogre
  1833 | D:3      | Killed an ogre
  1834 | D:3      | Reached skill level 1 in Conjurations
  1834 | D:3      | Reached XP level 5. HP: 22/30 MP: 5/9
  2052 | D:3      | Reached XP level 6. HP: 27/36 MP: 1/10
  2422 | D:3      | Found a runed translucent gate.
  2423 | D:3      | Found a runed translucent gate.
  2424 | D:3      | Found a runed translucent gate.
  2425 | D:3      | Noticed Phlounder's ghost (amateur OpSh)
  2517 | D:3      | Reached skill level 5 in Earth Magic
  2720 | D:3      | Found a faded altar of an unknown god.
  3514 | D:4      | Noticed Menkaure
  3514 | D:4      | Noticed a black bear
  3518 | D:4      | Killed Menkaure
  3519 | D:4      | Reached XP level 7. HP: 41/41 MP: 5/12
  3687 | D:5      | Entered Level 5 of the Dungeon
  3777 | D:5      | Reached skill level 5 in Stealth
  3858 | D:5      | You fall into a shaft and drop 3 floors!
  3869 | D:8      | Reached skill level 6 in Earth Magic
  3869 | D:8      | Reached XP level 8. HP: 48/48 MP: 11/14
  3901 | D:7      | Noticed Jeremiah
  3911 | D:8      | Reached skill level 1 in Throwing
  4042 | D:10     | Entered Level 10 of the Dungeon
  4047 | D:10     | Found a staircase to the Lair.
  4075 | Lair:1   | Entered Level 1 of the Lair of Beasts
  4108 | D:9      | Noticed a two-headed ogre
  4122 | D:9      | Noticed a wyvern
  4405 | D:8      | Reached skill level 5 in Fighting
  4417 | D:7      | Noticed Maurice
  4421 | D:8      | Noticed a hornet
  4421 | D:8      | Slain by a killer bee

Illustrated notes

Levels and vault maps discovered:
D:1:      amcnicky_arrival_gap_in_the_tavern_cellar, layout_loops_ring,
          serial_shops, nicolae_shop_competitors_out_of_business, shop,
          nicolae_shop_temple_entry_statues_fountains, minmay_tromino_mix6
D:2:      layout_basic
D:3:      layout_loops_ring, gammafunk_ghost_split,
          hellmonk_ecumenical_altar_inner_sanctum
D:4:      layout_gridville, uniq_menkaure
D:5:      layout_loops_ring, trog_book, ebering_ghost_rock_garden
D:7:      layout_cave_pools, minmay_temple_entry_mist, nicolae_elemental_shop,
          uniq_jeremiah, uniq_maurice, uniq_crazy_yiuf_cottage
D:8:      layout_rooms, gammafunk_ghost_hydra_chop, solitary_fountain,
          nicolae_custom_books, due_unseen_surprise
D:9:      layout_irregular_city, nicolae_wooded_promenade, billiards_dpeg,
          uniq_harold, uniq_joseph
D:10:     layout_small_grid, lair_entry_dummy,
          kennysheep_orc_monster_closet_entryway
Lair:1:   layout_layer_cave, basic_altar, enter_volcano_1,
          grunt_forest_small_clearings, uniq_erica

Skill      XL: |  1  2  3  4  5  6  7  8 |
---------------+-------------------------+-----
Transmutations | 1 |  1.0
Earth Magic    | 4 5 6 |  6.8
Fighting       | 1 2 3 4 5 |  5.0
Stealth        | 3 4 5 |  5.0
Spellcasting   | 3 4 |  4.0
Conjurations   | 1 2 3 4 |  4.6
Throwing       | 2 |  2.4
Dodging        | |  1.7

Action                     |  1- 3 |  4- 6 |  7- 9 || total
---------------------------+-------+-------+-------++-------
  Melee: Unarmed           |     5 |       |       ||     5
         Whip              |    11 |     9 |    11 ||    31
         Dagger            |       |       |     1 ||     1
  Throw: Throwing net      |       |       |     1 ||     1
   Cast: Sandblast         |    44 |    76 |    39 ||   159
         Stone Arrow       |       |     1 |     7 ||     8
  Evoke: Wand              |       |       |     1 ||     1
    Use: Potion            |       |     2 |       ||     2
         Scroll            |       |       |     2 ||     2
   Stab: Sleeping          |       |       |     2 ||     2
         Held in net/web   |       |       |     1 ||     1
 Armour: Robe              |    19 |    36 |    41 ||    96
  Dodge: Dodged            |     8 |    29 |    45 ||    82

Table legend: (Time is in decaauts)
 A = Elapsed time spent in this place.
 B = Non-inter-level travel time spent in this place.
 C = Inter-level travel time spent in this place.
 D = Time resting spent in this place.
 E = Time spent auto-exploring this place.
 F = Levels seen in this place.
 G = Mean time per level.
                   A        B        C        D        E       F      G
               +--------+--------+--------+--------+--------+-----+--------+
         Total |   4502 |   4450 |     52 |    224 |   3263 |  10 |  450.2 |
       Dungeon |   4500 |   4448 |     52 |    224 |   3263 |   9 |  500.0 |
          Lair |      1 |      1 |      0 |      0 |      0 |   1 |    1.0 |
               +--------+--------+--------+--------+--------+-----+--------+

Top non-repeatable levels by time:
     D:3: 1046 daAuts
     D:1: 1005 daAuts
     D:4: 936 daAuts
     D:2: 761 daAuts
     D:8: 291 daAuts
     D:9: 201 daAuts
     D:5: 179 daAuts
    D:10: 44 daAuts
     D:7: 33 daAuts
  Lair:1: 1 daAuts
